 Dungeon Crawl Stone Soup version 0.20.1-1-g8b1a95d (webtiles) character file.

80 slep the Skirmisher (level 4, -1/37 HPs)
             Began as a Demonspawn Wanderer on Oct 22, 2017.
             Slain by an orc priest
             ... wielding a +0 dagger
              (2 damage)
             ... on level 3 of the Dungeon.
             The game lasted 00:10:17 (1739 turns).

slep the Skirmisher (Demonspawn Wanderer)           Turns: 1739, Time: 00:10:18

Health: -1/37      AC:  8    Str: 11    XL:     4   Next: 18%
Magic:  5/5        EV: 10    Int: 14    God:
Gold:   56         SH:  0    Dex: 14    Spells: 3/3 levels left

rFire    + + .     SeeInvis .   u - +0 spear
rCold    . . .     Gourm    .   (no shield)
rNeg     . . .     Faith    .   m - +1 ring mail {rF+}
rPois    .         Spirit   .   (no helmet)
rElec    .         Reflect  .   (no cloak)
rCorr    .         Harm     .   (no gloves)
MR       .....                  (no boots)
Stlth    +.........             (no amulet)
Regen    0.2/turn               (no ring)
MPRegen  0.1/turn               (no ring)

@: lethally poisoned (-1 -> -16)
A: yellow scales 1, fire resistance 1
a: no special abilities


You were on level 3 of the Dungeon.
You were not hungry.

You visited 1 branch of the dungeon, and saw 3 of its levels.

You collected 56 gold pieces.

Inventory:

Hand Weapons
 a - a +2 hand crossbow
 u - a +0 spear (weapon)
Missiles
 b - 10 bolts
Armour
 c - a +0 ring mail
 m - a +1 ring mail of fire resistance (worn)
Jewellery
 r - an uncursed amulet of regeneration {unknown}
Scrolls
 d - 2 scrolls of teleportation
 i - a scroll of remove curse {unknown}
 j - a scroll of magic mapping {unknown}
 k - 4 scrolls of identify {unknown}
 o - 2 scrolls of noise {unknown}
 p - a scroll of fog {unknown}
 t - a scroll of fear {unknown}
Potions
 e - 3 potions of flight {unknown}
 g - a potion of lignification {unknown}
 l - a potion of berserk rage {unknown}
 n - a potion of agility {unknown}
 s - a potion of might {unknown}
Comestibles
 f - a bread ration
 h - a meat ration


   Skills:
 + Level 3.9 Fighting
   Level 1.7 Maces & Flails
 + Level 3.1 Crossbows
 + Level 1.0 Armour
 + Level 0.3 Dodging
 + Level 0.2 Stealth
   Level 2.0 Evocations


You had 3 spell levels left.
You didn't know any spells.

Dungeon Overview and Level Annotations

Branches:
Dungeon (3/15)

Altars:
Ru


Innate Abilities, Weirdness & Mutations

You are partially covered in yellow scales. (AC +2)
Your flesh is heat resistant. (rF+)


Message History

The orc is almost dead.
* * * LOW HITPOINT WARNING * * *
You feel sick. The orc hits you but does no damage.
You hit the orc but do no damage.
The orc is almost dead.
* * * LOW HITPOINT WARNING * * *
You feel sick. The orc closely misses you.
You hit the orc.
You kill the orc!
* * * LOW HITPOINT WARNING * * *
You feel sick.
You closely miss the orc priest.
* * * LOW HITPOINT WARNING * * *
You feel sick. The orc priest hits you with a dagger.
* * * LOW HITPOINT WARNING * * *
You hit the orc priest.
The orc priest is moderately wounded.
* * * LOW HITPOINT WARNING * * *
You feel sick. The orc priest hits you with a dagger.
You die...

+..... #.....
#...# #..#
#.###
#####o..+
#....o#####
#.###o# ## #
##@#######.
#.##..........
#.............
#..#....#####
##.......#
......#.##
.###.....#
#######


You could see 2 orc priests and an orc.

Vanquished Creatures
  4 adders
  A worm (D:2)
  A dart slug (D:1)
  An orc (D:3)
  9 bats
  A giant cockroach (D:2)
  3 goblins (D:2)
  3 hobgoblins (D:1)
  7 kobolds
  2 quokkas
  A frilled lizard (D:2)
  4 rats
37 creatures vanquished.

Notes
Turn   | Place    | Note
-------+----------+-------------------------------------------
     0 | D:1      | slep the Demonspawn Wanderer began the quest for the Orb.
     0 | D:1      | slep set off with: a +2 hand crossbow, 21 bolts, a +0 ring mail, a scroll of teleportation, a bread ration
     0 | D:1      | Reached XP level 1. HP: 18/18 MP: 2/2
   394 | D:1      | Gained mutation: You are partially covered in yellow scales. (AC +2) [demonic ancestry]
   394 | D:1      | Reached XP level 2. HP: 23/24 MP: 3/3
   964 | D:2      | Found a sacrificial altar of Ru.
  1119 | D:2      | Gained mutation: Your flesh is heat resistant. (rF+) [demonic ancestry]
  1119 | D:2      | Reached XP level 3. HP: 30/30 MP: 4/4
  1613 | D:3      | Reached XP level 4. HP: 37/37 MP: 5/5
  1739 | D:3      | HP: 1/37 [poisoned by an orc]
  1739 | D:3      | Slain by an orc priest

Skill      XL: |  1  2  3 |
---------------+----------+-----
Crossbows      | 2 3 |  3.1
Fighting       | |  3.9
Maces & Flails | |  1.7
Armour         | |  1.0
Dodging        | |  0.3
Stealth        | |  0.2
Evocations     | |  2.0

Action                   |  1- 3 |  4- 6 || total
-------------------------+-------+-------++-------
Melee: Spear             |       |    19 ||    19
 Fire: Hand crossbow     |    87 |     2 ||    89
  Eat: Chunk             |     2 |       ||     2
Armor: Ring mail         |    20 |    11 ||    31
Dodge: Dodged            |    21 |     7 ||    28
